 Dungeon Crawl Stone Soup version 0.20.1-1-g8b1a95d (webtiles) character file.

49168 raph the Fencer (level 14, -1/124 HPs)
             Began as a Minotaur Monk on Sept 7, 2017.
             Was a High Priest of Qazlal.
             Splashed by an acid blob's acid (9 damage)
             ... on level 5 of the Lair of Beasts.
             The game lasted 00:45:54 (17433 turns).

raph the Fencer (Minotaur Monk)                    Turns: 17433, Time: 00:45:55

Health: -1/124     AC: 12    Str: 24    XL:     14   Next: 15%
Magic:  20/20      EV: 15    Int:  5    God:    Qazlal [*****.]
Gold:   1195       SH:  0    Dex: 22    Spells: 13/13 levels left

rFire    . . .     SeeInvis .   a - +4 long sword
rCold    + + .     Gourm    +   K - +0 buckler
rNeg     + . .     Faith    .   s - +4 plate armour {rF+}
rPois    .         Spirit   .   X - +1 hat of the Accordion {Stlth+}
rElec    .         Reflect  .   (no cloak)
rCorr    .         Harm     .   d - +1 pair of gloves {Str+3}
MR       +....                  i - +0 pair of boots
Stlth    ..........             E - amulet "Moeloum" {Gourm +Inv rC+}
Regen    0.3/turn               H - ring "Ibbama All" {Ice rN+ Str+4 Int-2}
MPRegen  0.2/turn               C - +5 ring of dexterity

@: confused, corroded, repel missiles
A: retaliatory headbutt, horns 2
a: Upheaval, Elemental Force, Disaster Area, Renounce Religion, Evoke
Invisibility


You were on level 5 of the Lair of Beasts.
You worshipped Qazlal.
Qazlal was extremely pleased with you.
You were very full.

You visited 3 branches of the dungeon, and saw 15 of its levels.
You also visited: Volcano.

You collected 1195 gold pieces.

Inventory:

Hand Weapons
 a - a +4 long sword (weapon)
 A - a +0 scimitar of flaming
Missiles
 G - 2 throwing nets (quivered)
Armour
 d - a +1 pair of gloves of strength (worn)
 i - a +0 pair of boots (worn)
 s - a +4 plate armour of fire resistance (worn)
 K - a +0 buckler (worn)
 X - the +1 hat of the Accordion (worn) {Stlth+}
   (You acquired it on level 4 of the Lair of Beasts)

   It makes you more stealthy.
Jewellery
 p - an uncursed ring of ice
 q - an uncursed ring of magical power
 C - a +5 ring of dexterity (right hand)
 E - the amulet "Moeloum" (around neck) {Gourm +Inv rC+}
   (You found it on level 4 of the Lair of Beasts)

   [amulet of the gourmand]

   It allows you to eat raw meat even when not hungry.
   It protects you from cold.
   It lets you turn invisible.
 H - the ring "Ibbama All" (left hand) {Ice rN+ Str+4 Int-2}
   (You found it on level 7 of the Dungeon)

   [ring of ice]

   It enhances your ice magic.
   It affects your strength (+4).
   It affects your intelligence (-2).
   It makes you vulnerable to fire.
   It protects you from cold.
   It protects you from negative energy.
 V - an uncursed ring of protection from fire
Wands
 e - a wand of iceblast (10/15)
 y - a wand of flame (18/48)
 I - a wand of polymorph (9/24)
 Q - a wand of digging (10/24)
 R - a wand of paralysis (14/24)
 U - a wand of random effects (12/48)
Scrolls
 g - 3 scrolls of fog
 k - 8 scrolls of teleportation
 o - 8 scrolls of remove curse
 w - a scroll of silence {unknown}
 x - 2 scrolls of amnesia
 B - 4 scrolls of identify
 N - a scroll of fear
Potions
 f - 2 potions of berserk rage
 j - 4 potions of haste
 n - 5 potions of curing
 r - 3 potions of might
 v - a potion of degeneration
 z - a potion of cancellation
 L - a potion of flight
 O - a potion of agility
Books
 b - a book of Party Tricks

   Spells                             Type                      Level
   a - Summon Butterflies             Summoning                    1
   b - Apportation                    Translocation                1
   c - Lesser Beckoning               Translocation                3
   d - Tukima's Dance                 Hexes                        3
   e - Alistair's Intoxication        Transmutation/Poison         5
   f - Invisibility                   Hexes                        6
 t - the Catalogue of Shifting Hexes
   (You found it on level 6 of the Lair of Beasts)

   Spells                             Type                      Level
   a - Confusing Touch                Hexes                        1
   b - Beastly Appendage              Transmutation                1
   c - Summon Guardian Golem          Hexes/Summoning              3
   d - Fulminant Prism                Conjuration/Hexes            4
   e - Discord                        Hexes                        8
 u - a book of Minor Magic

   Spells                             Type                      Level
   a - Magic Dart                     Conjuration                  1
   b - Blink                          Translocation                2
   c - Call Imp                       Summoning                    2
   d - Slow                           Hexes                        2
   e - Conjure Flame                  Conjuration/Fire             3
   f - Mephitic Cloud                 Conjuration/Poison/Air       3
 J - a book of Necromancy

   Spells                             Type                      Level
   a - Pain                           Necromancy                   1
   b - Animate Skeleton               Necromancy                   1
   c - Vampiric Draining              Necromancy                   3
   d - Regeneration                   Charms/Necromancy            3
   e - Animate Dead                   Necromancy                   4
   f - Control Undead                 Necromancy                   4
 T - a book of Geomancy

   Spells                             Type                      Level
   a - Sandblast                      Earth                        1
   b - Passwall                       Transmutation/Earth          2
   c - Stone Arrow                    Conjuration/Earth            3
   d - Petrify                        Transmutation/Earth          4
   e - Lee's Rapid Deconstruction     Earth                        5
 Z - a book of Spatial Translocations

   Spells                             Type                      Level
   a - Blink                          Translocation                2
   b - Shroud of Golubria             Charms/Translocation         2
   c - Lesser Beckoning               Translocation                3
   d - Gell's Gravitas                Translocation                3
   e - Teleport Other                 Translocation                3
   f - Passage of Golubria            Translocation                4
Miscellaneous
 P - a fan of gales
 S - 2 sacks of spiders
Comestibles
 c - 11 bread rations
 l - 7 royal jellies
 m - 8 meat rations
 W - 7 fruits


   Skills:
 + Level 11.5 Fighting
 + Level 15.6 Long Blades
 + Level 12.2 Armour
 + Level 11.0 Dodging
 - Level 1.5 Stealth
 + Level 9.2 Shields
 + Level 9.4 Invocations
 + Level 4.0 Evocations


You had 13 spell levels left.
You didn't know any spells.

Dungeon Overview and Level Annotations

Branches:
Dungeon (8/15)             Temple (1/1) D:5            Lair (6/6) D:8
 Shoals (0/4) Lair:3        Snake (0/4) Lair:4        Slime (0/5) Lair:5

Altars:
Ashenzari
Cheibriados
Dithmenos
Elyvilon
Fedhas
Gozag
Hepliaklqana
Kikubaaqudgha
Makhleb
Nemelex Xobeh
Okawaru
Qazlal
Ru
Sif Muna
Trog
Uskayaw
Vehumet
Xom
Yredelemnul
Zin
The Shining One

Annotations:
Lair:3 exclusion: oklob plant
Lair:5 exclusion: 3 oklob plants


Innate Abilities, Weirdness & Mutations

You reflexively headbutt those who attack you in melee.
You have a pair of horns on your head.


Message History

The acid corrodes you!
You are splashed with acid!
The acid burns!
* * * LOW HITPOINT WARNING * * *
You feel much better.
The acid blob is engulfed in freezing vapours.
The acid blob spits acid at you. The splash of acid hits you!
The acid corrodes you!
You are splashed with acid!
The acid burns!
* * * LOW HITPOINT WARNING * * *
You are confused.
You feel invigorated. The acid blob spits acid at you.
The splash of acid hits you!
* * * LOW HITPOINT WARNING * * *
You are splashed with acid!
The acid burns!
* * * LOW HITPOINT WARNING * * *
The acid blob spits acid at you. The splash of acid hits you!
* * * LOW HITPOINT WARNING * * *
You are splashed with acid!
The acid burns!
You die...

...#............#....#.....##....
..+...............#.####....##...
..#.....#.....###..#.##...##....#
..###...##....PP#......#..###..#.
...............P...........#.#+..
.................................
..............§..§...............
.................§...........>...
................@...........#....
....+P#..#....§§..##......[.##.##
..#..####.....§.#######........#.
.###+###.P....J§######...........
.#.....+........#....##.......#..
........#P...........###.........
.##....P#.............##.....#...
...##..........#.....###.......##
..#.#...........##P..# #....##..#


You could see an acid blob.

Vanquished Creatures
  The ghost of vatarom the Summoner, a journeyman DrSu of Ashenzari (Lair:2)
  A hydra (Lair:5)
  A two-headed ogre (D:8)
  The ghost of equalderp2856 the Thaumaturge, a journeyman SpCj (Volcano)
  3 oklob plants (Lair:4)
  A merfolk siren (Lair:3)
  4 black mambas
  2 molten gargoyles (Volcano)
  3 gargoyles (Volcano)
  Joseph (Lair:1)
  23 spiny frogs
  A torpor snail (Lair:3)
  An efreet (Volcano)
  4 rime drakes
  11 komodo dragons
  5 tyrant leeches (Lair:6)
  3 polar bears
  15 dream sheep
  3 hippogriffs
  33 blink frogs
  Sigmund (D:5)
  A wyvern (Lair:1)
  43 yaks
  2 basilisks
  A fire elemental (Volcano)
  A steam dragon (Lair:5)
  2 fire bats (Volcano)
  5 vampire mosquitoes (Lair:6)
  2 hungry ghosts
  7 nagas (Lair:4)
  18 water moccasins
  2 hell hounds (Lair:5)
  18 porcupines
  An orc warrior (D:8)
  Duvessa (D:7)
  2 ice beasts
  3 black bears
  2 phantoms
  A necrophage (D:4)
  An ogre (D:7)
  10 wolves
  3 sky beasts
  6 centaurs
  17 crocodiles
  A gnoll sergeant (D:8)
  19 bullfrogs
  Dowan (D:7)
  A water moccasin skeleton (D:6)
  3 electric eels
  2 crimson imps (D:8)
  3 lava snakes (Volcano)
  2 jellies
  3 hounds
  A bullfrog skeleton (D:5)
  2 iguanas
  3 orc wizards
  8 worker ants
  Natasha (twice) (D:3)
  7 hell rats (Lair:6)
  4 gnolls (D:8)
  A howler monkey zombie (D:8)
  11 adders
  3 shadow imps
  2 oozes
  4 worms
  An adder skeleton (D:8)
  3 dart slugs
  3 leopard geckos
  14 orcs
  5 ball pythons
  3 bat zombies (D:8)
  7 giant cockroaches
  12 goblins
  7 hobgoblins
  11 jackals
  10 kobolds
  4 quokkas
  8 bats
  6 frilled lizards
  A jackal skeleton (D:4)
  2 quokka skeletons
  8 rats
  A rat zombie (D:8)
456 creatures vanquished.

Vanquished Creatures (collateral kills)
  A stone giant (Volcano)
  A hydra (Lair:5)
  A spiny frog (Lair:6)
  A dream sheep (Lair:3)
  A yak (Lair:3)
  A vampire mosquito (Lair:6)
  A crocodile (Lair:4)
  2 bullfrogs (Lair:6)
  A howler monkey (D:5)
10 creatures vanquished.

Vanquished Creatures (others)
  A lava snake (Volcano)
  20 fungi
  33 plants
54 creatures vanquished.

Grand Total: 520 creatures vanquished

Notes
Turn   | Place    | Note
-------+----------+-------------------------------------------
     0 | D:1      | raph the Minotaur Monk began the quest for the Orb.
     0 | D:1      | Reached XP level 1. HP: 19/19 MP: 0/0
     6 | D:1      | Noticed a polar bear
     6 | D:1      | Noticed a rime drake
     6 | D:1      | Noticed a worker ant
     6 | D:1      | Noticed a salamander
     6 | D:1      | Noticed a hound
   285 | D:1      | Reached XP level 2. HP: 27/27 MP: 1/1
   295 | D:1      | Reached skill level 4 in Long Blades
   822 | D:1      | Reached XP level 3. HP: 33/33 MP: 2/2
  1371 | D:2      | Reached XP level 4. HP: 40/40 MP: 3/3
  1376 | D:2      | Reached skill level 5 in Long Blades
  1726 | D:2      | Found a burning altar of Makhleb.
  2127 | D:3      | Reached XP level 5. HP: 40/47 MP: 4/4
  2286 | D:3      | Noticed Natasha
  2289 | D:3      | Killed Natasha
  2301 | D:3      | Found a blossoming altar of Fedhas.
  2301 | D:3      | Found a hide-covered altar of Uskayaw.
  2301 | D:3      | Found a shadowy altar of Dithmenos.
  2488 | D:3      | Noticed Natasha
  2492 | D:3      | Killed Natasha
  2492 | D:3      | Reached skill level 6 in Long Blades
  2714 | D:4      | Noticed a necrophage
  2723 | D:4      | Killed a necrophage
  2723 | D:4      | Reached XP level 6. HP: 51/52 MP: 5/5
  2807 | D:4      | Reached skill level 7 in Long Blades
  2811 | D:4      | Reached skill level 5 in Dodging
  3605 | D:4      | Reached skill level 1 in Armour
  3711 | D:5      | Entered Level 5 of the Dungeon
  3739 | D:5      | Found a staircase to the Ecumenical Temple.
  3775 | D:5      | Reached XP level 7. HP: 39/60 MP: 6/6
  3851 | Temple   | Entered the Ecumenical Temple
  4009 | Temple   | Became a worshipper of Qazlal Stormbringer
  4009 | Temple   | Reached * piety under Qazlal
  4009 | Temple   | Reached ** piety under Qazlal
  4045 | D:5      | Noticed Sigmund
  4082 | D:5      | Killed Sigmund
  4082 | D:5      | Reached skill level 8 in Long Blades
  4082 | D:5      | Reached skill level 1 in Invocations
  4429 | D:5      | Found a basalt altar of Yredelemnul.
  4618 | D:5      | Reached XP level 8. HP: 48/67 MP: 8/8
  4953 | D:6      | Reached skill level 9 in Long Blades
  5324 | D:6      | Reached skill level 5 in Armour
  5365 | D:6      | Found a sacrificial altar of Ru.
  5739 | D:7      | Noticed a hippogriff
  5749 | D:7      | Killed a hippogriff
  5749 | D:7      | Reached skill level 5 in Fighting
  5982 | D:7      | Reached XP level 9. HP: 58/74 MP: 10/10
  6037 | D:7      | Got a scintillating jade ring
  6163 | D:7      | Reached skill level 10 in Long Blades
  6187 | D:7      | Found an opulent altar of Gozag.
  6228 | D:7      | Noticed Duvessa
  6231 | D:7      | Killed Duvessa
  6232 | D:7      | Noticed Dowan
  6235 | D:7      | Killed Dowan
  6272 | D:7      | Identified the ring "Ibbama All" {Ice rN+ Str+4 Int-2} (You found it on level 7 of the Dungeon)
  6584 | D:8      | Reached *** piety under Qazlal
  6640 | D:8      | Found a deep blue altar of Sif Muna.
  6841 | D:8      | Noticed a two-headed ogre
  6853 | D:8      | Killed a two-headed ogre
  6949 | D:8      | Reached skill level 1 in Shields
  6953 | D:8      | Reached skill level 11 in Long Blades
  6961 | D:8      | Reached XP level 10. HP: 26/84 MP: 12/12
  7306 | D:8      | Found a staircase to the Lair.
  7687 | D:8      | Found an ancient bone altar of Kikubaaqudgha.
  7839 | Lair:1   | Entered Level 1 of the Lair of Beasts
  7906 | Lair:1   | Reached **** piety under Qazlal
  7906 | Lair:1   | Reached skill level 5 in Invocations
  8000 | Lair:1   | Noticed Joseph
  8001 | Lair:1   | Killed Joseph
  8195 | Lair:1   | Reached skill level 12 in Long Blades
  8455 | Lair:1   | Reached XP level 11. HP: 77/94 MP: 14/14
  9575 | Lair:2   | Reached skill level 5 in Shields
  9604 | Lair:2   | Noticed vatarom's ghost (journeyman DrSu)
  9626 | Lair:2   | Killed vatarom's ghost
  9626 | Lair:2   | Reached skill level 13 in Long Blades
  9914 | Lair:2   | Reached skill level 10 in Armour
 11060 | Lair:3   | Reached ***** piety under Qazlal
 11060 | Lair:3   | Reached XP level 12. HP: 59/103 MP: 16/16
 11122 | Lair:3   | Reached skill level 14 in Long Blades
 11622 | Lair:3   | Found a staircase to the Shoals.
 12242 | Lair:4   | Reached skill level 10 in Fighting
 12631 | Lair:4   | HP: 4/106 [acid (17)]
 12632 | Lair:4   | HP: 1/106 [acid (11)]
 13168 | Lair:4   | Got a scorched zirconium amulet
 13169 | Lair:4   | Identified the amulet "Moeloum" {Gourm +Inv rC+} (You found it on level 4 of the Lair of Beasts)
 13265 | Lair:4   | Found a staircase to the Snake Pit.
 13397 | Lair:4   | Reached XP level 13. HP: 111/114 MP: 18/18
 13431 | Lair:4   | Identified a scroll of acquirement
 13432 | Lair:4   | Got a twisted hat
 13438 | Lair:4   | Identified the +1 hat of the Accordion {Stlth+} (You acquired it on level 4 of the Lair of Beasts)
 13483 | Lair:4   | Reached skill level 15 in Long Blades
 13727 | Lair:5   | Reached skill level 1 in Evocations
 13791 | Lair:5   | Found a staircase to the Slime Pits.
 13938 | Lair:5   | Reached skill level 10 in Dodging
 14321 | Lair:5   | Found a dark tunnel.
 14332 | Volcano  | Entered a volcano
 14456 | Volcano  | Noticed equalderp2856's ghost (journeyman SpCj)
 14466 | Volcano  | Killed equalderp2856's ghost
 14628 | Volcano  | Found a bloodstained altar of Trog.
 14714 | Volcano  | Noticed a stone giant
 14751 | Volcano  | Killed a stone giant
 15251 | Lair:5   | You fall through a shaft!
 15251 | Lair:6   | Entered Level 6 of the Lair of Beasts
 15893 | Lair:6   | Reached XP level 14. HP: 95/124 MP: 19/19
 16486 | Lair:6   | Identified the Catalogue of Shifting Hexes
 17413 | Lair:5   | Noticed an acid blob
 17433 | Lair:5   | Splashed by an acid blob's acid

Skill      XL: |  1  2  3  4  5  6  7  8  9 10 11 12 13 14 |
---------------+-------------------------------------------+-----
Long Blades    | 4 5 6 7 8 9 11 12 13 14 15 | 15.6
Fighting       | 4 5 6 7 8 10 11 | 11.5
Dodging        | 4 5 6 7 9 10 11 | 11.0
Armour         | 2 4 6 8 9 10 11 12 | 12.2
Invocations    | 1 3 4 5 7 8 9 |  9.4
Shields        | 1 4 5 7 8 9 |  9.2
Evocations     | 3 4 |  4.0
Stealth        | |  1.5

Action                   |  1- 3 |  4- 6 |  7- 9 | 10-12 | 13-15 || total
-------------------------+-------+-------+-------+-------+-------++-------
Melee: Falchion          |    91 |    18 |       |       |       ||   109
       Headbutt          |    13 |    26 |    61 |   192 |   171 ||   463
       Long sword        |       |   122 |   206 |   529 |   462 ||  1319
       Unarmed           |       |       |       |       |     1 ||     1
Invok: Elemental Force   |       |       |       |     2 |     5 ||     7
       Disaster Area     |       |       |       |       |     1 ||     1
Evoke: Fan of gales      |       |       |       |     1 |       ||     1
  Use: Scroll            |       |    12 |     9 |     7 |     4 ||    32
       Potion            |       |     1 |       |     3 |     2 ||     6
 Stab: Sleeping          |     2 |     3 |       |       |       ||     5
       Distracted        |       |     1 |       |       |       ||     1
  Eat: Chunk             |     1 |     8 |    13 |    22 |    16 ||    60
       Fruit             |       |       |       |     2 |       ||     2
       Meat ration       |       |       |       |     1 |       ||     1
Armor: Robe              |     4 |       |       |       |       ||     4
       Leather armour    |    22 |    27 |       |       |       ||    49
       Plate armour      |       |    41 |   138 |   128 |   110 ||   417
Dodge: Dodged            |    58 |    83 |    71 |   200 |   165 ||   577
       Deflected         |       |       |       |     2 |     9 ||    11
Block: Other             |       |       |    18 |       |       ||    18
       Buckler           |       |       |    17 |   223 |   242 ||   482
       Rpst.: Falchion   |    16 |     9 |       |       |       ||    25
       Long sword        |       |    14 |    12 |    48 |    50 ||   124
